Map: Hard Lead LE

Players

SubN - Winner!

  • Race: Zerg Zerg
  • League: Diamond
  • Spawn Location: 5:00

Elitetran

  • Race: Terran Terran
  • League: Platinum
  • Spawn Location: 11:00

VOD

Have the link to the VOD?

Description

Time

  • Played on: Nov. 22, 2023, 7:12 p.m.
  • Length: 18:55
Show
View Real Time Build Order
Export as new Build Order

SubN Zerg - Winner!

Build Orders: Hatch First 

Get SALT Encoding   

  12  0:00  Drone  
  13  0:12  Overlord  
  13  0:17  Drone  
  14  0:30  Drone x2  
  16  0:47  Drone  
  17  0:52  Hatchery  
  17  0:56  Drone  
  17  0:58  Drone  
  17  1:01  Extractor  
  17  1:16  Spawning Pool  
  17  1:17  Drone  
  17  1:21  Drone  
  18  1:28  Drone  
  19  1:38  Drone  
  20  2:03  Queen x2  
  20  2:05  Zergling x4  
  26  2:09  Metabolic Boost  
  26  2:17  Overlord  
  26  2:23  Overlord  
  24  2:39  Zergling x4  
  26  2:47  Queen  
  26  2:50  Queen  
  30  3:04  Hatchery  
  29  3:06  Drone x2  
  31  3:14  Overlord  
  31  3:16  Drone x2  
  31  3:18  Drone  
  34  3:26  Drone x2  
  36  3:35  Overlord  
  36  3:38  Drone x3  
  39  3:49  Drone x4  
  43  4:01  Drone x6  
  49  4:05  Extractor  
  49  4:06  Extractor  
  45  4:31  Spore Crawler  
  45  4:32  Spore Crawler  
  45  4:38  Drone x9  
  52  4:39  Spore Crawler  
  52  4:42  Spore Crawler  
  50  4:45  Baneling Nest, Queen  
  50  4:46  Spore Crawler  
  50  4:48  Extractor  
  50  4:49  Drone x4  
  53  5:01  Lair  
  53  5:03  Drone x4  
  57  5:17  Evolution Chamber  
  57  5:18  Evolution Chamber  
  55  5:21  Overlord x2  
  55  5:22  Overlord x2  
  48  5:54  Drone x9  
  48  5:55  Drone x8, Spore Crawler x2  
  63  6:05  Pneumatized Carapace  
  63  6:07  Zerg Melee Weapons Level 1  
  63  6:11  Overlord x2  
  63  6:13  Overseer  
  63  6:14  Overseer  
  63  6:27  Centrifugal Hooks  
  63  6:30  Zergling x2, Hydralisk Den  
  63  6:31  Zergling x10  
  68  6:35  Zerg Ground Armor Level 1  
  68  6:38  Overlord  
  68  6:41  Zergling x6  
  71  6:55  Zergling x22  
  71  6:58  Baneling x5  
  82  7:01  Drone  
  82  7:04  Zergling x2  
  84  7:13  Hatchery, Queen  
  85  7:24  Drone x8  
  85  7:27  Grooved Spines  
  93  7:33  Overlord  
  93  7:34  Overlord  
  93  7:45  Extractor  
  92  7:56  Hydralisk  
  92  7:57  Hydralisk x8  
  110  8:07  Baneling  
  110  8:08  Baneling x11  
  110  8:09  Hydralisk  
  112  8:17  Muscular Augments  
  112  8:30  Zergling x4  
  112  8:31  Zergling x10  
  119  8:42  Overlord x5  
  118  8:55  Hatchery  
  118  8:57  Infestation Pit  
  118  8:58  Zergling x2  
  118  9:01  Hydralisk x5  
  118  9:02  Hydralisk x4  
  135  9:09  Drone x4  
  139  9:10  Drone x3  
  139  9:11  Extractor  
  141  9:18  Zergling x12  
  146  9:39  Extractor  
  146  9:41  Extractor  
  146  9:45  Zerg Melee Weapons Level 2, Zerg Missile Weapons Level 1  
  144  9:50  Zergling x12  
  144  9:51  Zergling x18  
  144  9:52  Overlord x3  
  159  9:54  Overseer  
  159  9:56  Baneling  
  159  9:57  Baneling x5  
  148  10:08  Zergling x16  
  148  10:09  Zergling x2  
  127  10:35  Zergling x32  
  138  10:36  Zergling x6  
  138  10:37  Queen  
  147  10:45  Drone x5  
  152  10:50  Overlord x2  
  152  10:52  Hydralisk  
  152  10:54  Hydralisk  
  152  10:56  Hydralisk  
  156  10:59  Hydralisk  
  160  11:05  Hive  
  160  11:13  Queen  
  162  11:20  Drone x11  
  162  11:21  Drone  
  174  11:27  Spore Crawler  
  174  11:28  Spore Crawler  
  174  11:32  Zergling x2  
  173  11:58  Overlord  
  173  11:59  Overlord  
  173  12:00  Overlord  
  173  12:01  Overlord  
  173  12:02  Overlord  
  173  12:04  Overlord  
  173  12:12  Drone x3  
  176  12:17  Viper x4  
  176  12:18  Viper  
  176  12:22  Drone x2  
  193  12:37  Hatchery  
  192  12:47  Hatchery  
  186  13:13  Zergling x2  
  186  13:14  Zergling x32  
  155  13:38  Baneling x8  
  155  13:39  Baneling x9  
  139  13:41  Hydralisk  
  139  13:43  Zergling x24  
  139  13:44  Zergling x24  
  139  14:16  Zerg Melee Weapons Level 3  
  139  14:18  Adrenal Glands  
  139  14:20  Queen  
  139  14:22  Queen  
  139  14:24  Drone x18  
  156  14:29  Baneling x4  
  156  14:30  Baneling x29  
  156  14:31  Baneling x4  
  161  14:34  Zerg Ground Armor Level 2  
  161  14:41  Ultralisk Cavern  
  161  14:45  Extractor  
  159  14:46  Extractor  
  159  14:48  Drone x14  
  172  15:07  Drone  
  173  15:08  Hatchery  
  173  15:09  Drone x3  
  173  15:11  Spore Crawler  
  174  15:17  Hydralisk x4  
  174  15:18  Hydralisk x2  
  174  15:20  Spore Crawler  
  185  15:21  Zergling x2  
  185  15:22  Zergling x8  
  190  15:33  Ultralisk  
  195  15:48  Ultralisk  
  200  16:09  Chitinous Plating  
  196  16:14  Overseer x2  
  156  17:14  Hydralisk x2  
  156  17:15  Hydralisk x7  
  159  17:16  Hydralisk x2  
  159  17:18  Ultralisk x4  
  159  17:20  Zergling x2  
  159  17:21  Zergling x4  
  200  17:28  Anabolic Synthesis  
  200  17:51  Overlord x5  
  200  17:52  Overlord x2  
  200  17:55  Overseer x4  
  198  18:00  Extractor  
  198  18:02  Hatchery, Extractor  
  195  18:13  Zergling x2  
  196  18:23  Zergling x8  
Show
View Real Time Build Order
Export as new Build Order

Elitetran Terran 

Build Orders:  

Get SALT Encoding   

  12  0:02  SCV  
  13  0:14  Supply Depot  
  13  0:17  SCV  
  14  0:29  SCV  
  15  0:37  Barracks  
  15  0:41  SCV  
  16  0:45  Refinery  
  16  0:53  SCV  
  16  0:55  Refinery  
  17  1:06  SCV  
  18  1:18  SCV  
  19  1:25  Supply Depot, Reaper  
  20  1:30  Orbital Command  
  20  1:41  Barracks  
  20  1:53  Factory  
  20  2:02  SCV  
  21  2:10  Barracks Reactor  
  21  2:11  Supply Depot  
  21  2:14  SCV  
  22  2:26  SCV  
  23  2:40  Marine, Widow Mine  
  26  2:54  Marine  
  26  2:55  Marine  
  28  3:01  Starport  
  28  3:19  Command Center  
  28  3:21  Barracks Tech Lab  
  28  3:24  Armory  
  28  3:26  SCV  
  29  3:27  Supply Depot  
  29  3:32  Widow Mine x2  
  33  3:40  Medivac  
  35  3:46  Barracks  
  34  3:52  SCV  
  35  4:04  SCV  
  36  4:15  Siege Tank  
  36  4:16  SCV  
  40  4:23  Marine  
  40  4:24  Marine  
  42  4:25  Medivac  
  42  4:29  SCV  
  46  4:31  Barracks Tech Lab  
  46  4:36  Orbital Command  
  46  4:38  Barracks, Marine  
  46  4:41  Marine, SCV  
  48  4:53  SCV  
  48  4:58  Marine x2  
  48  4:59  Marauder  
  53  5:05  Marine, SCV  
  55  5:11  SCV  
  56  5:16  Marine x2  
  56  5:17  SCV  
  56  5:19  Marine  
  60  5:23  SCV  
  60  5:28  Marine  
  62  5:34  Marine  
  62  5:35  SCV  
  62  5:39  Marauder  
  62  5:44  Marine  
  62  5:46  Marine  
  62  5:47  SCV  
  62  5:54  Supply Depot  
  62  5:58  Supply Depot, Marine  
  62  5:59  Barracks Tech Lab  
  62  6:05  Supply Depot  
  62  6:06  Supply Depot  
  62  6:16  Marine x2, Siege Tank  
  67  6:28  Marine  
  68  6:33  Marine, Barracks Reactor  
  68  6:39  Command Center, Medivac  
  72  6:40  Medivac  
  72  6:45  Refinery, Marine  
  72  6:47  Refinery  
  75  6:48  Barracks Reactor, Siege Tank  
  75  6:51  Marine  
  75  6:53  Engineering Bay  
  78  7:02  SCV x2  
  78  7:03  Marine  
  81  7:09  Marine  
  81  7:14  SCV x2  
  84  7:20  Marine x2, Siege Tank  
  84  7:21  Marine  
  84  7:22  Viking  
  92  7:26  SCV x2  
  94  7:33  Supply Depot x2  
  94  7:36  Supply Depot  
  94  7:39  Barracks  
  94  7:48  Terran Infantry Weapons Level 1  
  94  7:50  Marine x6, SCV  
  101  7:52  Siege Tank  
  104  8:08  Marine x6  
  110  8:16  Medivac  
  112  8:25  Marine x6  
  121  8:40  Barracks Tech Lab  
  121  8:43  Ghost Academy, Marine x6  
  121  8:46  Supply Depot  
  124  8:58  Planetary Fortress  
  124  8:59  Supply Depot  
  124  9:00  Supply Depot, SCV x2  
  124  9:01  Marine  
  127  9:03  Marine x6  
  127  9:08  Raven  
  135  9:12  SCV x2  
  135  9:16  Command Center  
  137  9:21  Marine x4  
  137  9:22  Marine x2  
  143  9:24  SCV x2  
  145  9:35  Marauder  
  147  9:39  Marine x3  
  147  9:41  Marine  
  147  9:42  Marine x2, Medivac  
  155  9:45  Terran Infantry Armor Level 1  
  155  9:56  Marine  
  155  9:57  Marine  
  157  10:05  Marine x2  
  157  10:10  Stimpack, Combat Shield  
  157  10:20  Marine  
  157  10:21  Marine x4  
  157  10:22  Medivac  
  157  10:23  Marine x2  
  92  10:36  Widow Mine x2  
  92  10:37  Marine  
  92  10:39  Marine x4  
  92  10:40  Marine x2  
  103  10:52  Medivac  
  103  10:55  Ghost, Barracks, Supply Depot  
  107  10:57  Marine x4, Widow Mine  
  107  10:58  Ghost, Barracks, Marine  
  107  11:00  Widow Mine  
  107  11:04  SCV x3  
  121  11:12  Terran Vehicle Weapons Level 1  
  121  11:14  Ghost  
  123  11:19  SCV x2  
  123  11:20  SCV x2  
  123  11:22  Viking  
  123  11:24  Ghost  
  131  11:26  Ghost  
  131  11:31  SCV  
  131  11:32  SCV x3  
  137  11:33  Engineering Bay  
  137  11:39  Marine x2  
  139  11:41  Marine x3  
  139  11:43  Ghost, SCV  
  139  11:44  SCV x2, Widow Mine  
  139  11:45  Widow Mine  
  152  11:52  Ghost  
  152  11:53  Barracks Tech Lab  
  153  11:55  Ghost  
  153  11:56  SCV x3  
  153  11:57  Marine x2  
  153  12:00  Barracks Tech Lab  
  160  12:07  Supply Depot  
  160  12:08  Refinery, SCV  
  161  12:11  Refinery, Ghost  
  161  12:15  Marine x5  
  164  12:20  Widow Mine x2  
  164  12:21  Marine  
  175  12:34  Refinery  
  175  12:36  Refinery  
  175  12:41  Raven  
  175  12:44  Starport  
  175  12:47  Marine  
  175  12:48  Marine x5  
  181  12:52  Supply Depot  
  181  12:56  Ghost  
  181  12:57  Marine x2  
  180  13:05  Marine x2  
  167  13:15  Medivac  
  152  13:27  Marine  
  152  13:28  Marine x8  
  150  13:45  Marine x2, Medivac  
  150  13:46  Marine x3  
  117  13:58  Marine  
  117  13:59  Marine x3  
  111  14:03  Marine x2  
  111  14:08  Marine  
  94  14:12  Barracks  
  94  14:15  Viking  
  94  14:16  Marine x3  
  94  14:17  Marine  
  98  14:21  Marine x2  
  100  14:25  Marine  
  100  14:28  Widow Mine x2  
  100  14:30  Viking, Medivac  
  100  14:31  Barracks Reactor  
  109  14:34  Marine x4  
  113  14:39  Marine x2  
  113  14:43  Ghost  
  113  14:44  Barracks  
  113  14:45  Medivac  
  119  14:50  Widow Mine  
  119  14:52  Ghost x2, Marine x2, Command Center  
  126  14:57  Terran Infantry Weapons Level 2, Marine x2  
  129  15:00  Barracks Reactor, Medivac  
  129  15:03  Viking  
  133  15:08  SCV x3  
  133  15:10  Ghost, Marine  
  133  15:11  Marine x2  
  133  15:12  Marine  
  142  15:14  Marine  
  142  15:15  Marine, Medivac  
  142  15:20  Marine x2, SCV x2  
  151  15:28  Marine  
  152  15:32  SCV  
  152  15:35  Ghost  
  154  15:36  Marine x6  
  154  15:38  Ghost x2, Marine  
  154  15:40  Barracks Reactor  
  154  15:41  SCV  
  166  15:44  SCV  
  166  15:45  Medivac  
  169  15:53  Terran Infantry Armor Level 2, SCV  
  169  15:56  SCV  
  171  16:04  Barracks  
  171  16:05  Supply Depot  
  171  16:10  Planetary Fortress  
  171  16:12  Marine x3  
  171  16:13  Marine x2  
  171  16:14  Viking  
  171  16:15  Refinery  
  180  16:25  Raven  
  180  16:26  Orbital Command  
  180  16:27  Ghost  
  180  16:28  Marine x5  
  187  16:33  Supply Depot, SCV x2  
  187  16:38  Terran Ship Weapons Level 1  
  187  16:45  SCV x2  
  188  16:57  SCV  
  142  17:03  Marine x7  
  118  17:14  Ghost x3  
  118  17:15  Marine x3  
  115  17:22  Marine x4  
  116  17:25  Barracks Reactor  
  116  17:33  SCV x3  
  119  17:38  Marine  
  119  17:39  Marine  
  121  17:45  SCV  
  121  17:46  Marine x2  
  124  17:54  Marine x2  
  125  18:04  Supply Depot  
  125  18:09  Refinery  
  125  18:11  Refinery  
  125  18:13  Marine x4  
  125  18:16  Medivac  
  129  18:32  Command Center  
Tags
 
Add a new tag
Caveats
  • Supply blocks, unpowered buildings, or Contaminate may cause inaccurate times.
  • Supply counts are checked every 10 seconds.